[Event "Late-Titled-Tuesday-Blitz-January-16-2024"]
[Site "Chess.com"]
[Date "2024.01.16"]
[Round "4"]
[White "BilodeauA"]
[Black "Polish_fighter3000"]
[Result "0-1"]
[WhiteElo "2903"]
[BlackElo "3102"]
[TimeControl "180+1"]
[EndTime "14:39:13 PST"]
[Termination "Polish_fighter3000 won on time"]

1. e4 e5 2. Nf3 Nc6 3. Bc4 Bc5 4.
d3 Nf6 5. h3 O-O 6. Nc3 a6 7.
a4 d6 8. Be3 Bxe3 9. fxe3 Ne7 10.
O-O Ng6 11. a5 c6 12. Bb3 d5 13. exd5 cxd5 14. d4 e4 15. Ne5 Be6 16. Nxg6 fxg6 17.
Qe1 Qd6 18. Ne2 Nh5 19. Qh4 h6 20. Rxf8+ Rxf8 21. Rf1 Rxf1+ 22. Kxf1 Qc7 23. Qe1 g5 24. Kg1 Nf6 25. Qc3 Qb8 26. Qb4 g4 27. Qe7 Bf7 28. Nf4 gxh3 29. gxh3 b6 30. axb6 Qxb6 31. Qc5 Qd8 32. Kf2 a5 33. Ke1 g5 34. Ne2 Be6 35. Qc6 Kf7 36. Ng3 h5 37. Kd2 h4 38. Ne2 Bxh3 39. c4 Be6 40. cxd5 Bxd5 41. Bxd5+ Qxd5 42. Qc7+ Kg6 43. Nc3 Qb3 44. Kc1 a4 45.
Qc6 a3 46. bxa3 Qxa3+ 47. Kc2 h3 48. Nxe4 Qe7 49. Nxf6 Qxf6 50. Qe8+ Kh6 51. Qc8 Qf2+ 52. Kd3 Qf1+ 53. Kd2 Kh5 54. d5 Qg2+ 55. Ke1 h2 56.
Qh8+ Kg4 57. Qc8+ Kg3 58. Qc7+ Kf3 59. Qf7+ Kxe3 60. Qa7+ Kf3 61. Qf7+ Ke3 62. Qe7+ Qe4 63. Qxg5+ Kd3+ 64. Kf2 h1=Q 65. Qg3+ Kd2 66. Qg5+ Kd3 67. Qg3+ Kc4 68. Qc7+ Kb3 69. Qb6+ Qb4 70. Qe3+ Kc2 0-1

[Event "Late-Titled-Tuesday-Blitz-January-16-2024"]
[Site "Chess.com"]
[Date "2024.01.16"]
[Round "4"]
[White "Siniauski"]
[Black "MyDream003"]
[Result "0-1"]
[WhiteElo "2603"]
[BlackElo "2860"]
[TimeControl "180+1"]
[EndTime "14:39:13 PST"]
[Termination "MyDream003 won by resignation"]

1. e4 c5 2. Nf3 d6 3. c3 Nf6 4.
Be2 g6 5. O-O Bg7 6. Re1 O-O 7.
Bf1 Nc6 8. h3 e5 9. d3 h6 10. a3 Be6 11. b4 a6 12. Be3 b6 13.
Nbd2 Re8 14. Rb1 Qc7 15. g3 Rac8 16. Bg2 Red8 17. Qa4 Ra8 18. d4 exd4 19. cxd4 cxd4 20. Nxd4 Nxd4 21. Bxd4 b5 22. Qd1 Rac8 23. Nf1 Nd7 24. Bxg7 Kxg7 25. Qd4+ Kg8 26. f4 Qb6 27. Rbd1 Qxd4+ 28. Rxd4 Nb6 29. Ne3 Rc3 30. f5 gxf5 31. exf5 Bc8 32.
Ng4 Kg7 33. f6+ Kg6 34. Ne5+ Kxf6 35. Rf1+ Kg7 36. Rxf7+ Kg8 37. Ra7 Rxg3 38. Kh2 Rg7 39. Rxg7+ Kxg7 40. Nc6 Re8 41. Rxd6 Nc4 42. Rd3 Re2 43.
Kg3 Kf6 44. Bf3 Ra2 45. Rd8 Bb7 46. Rd7 Bxc6 47. Bxc6 Rxa3+ 48. Kh4 Ne5 49. Rd6+ Kf5 50. Be8 Nf3+ 51. Kh5 Ne5 52. Kh4 Rb3 53. Rxh6 Rxb4+ 54. Kg3 Rb3+ 55. Kg2 a5 56. Ra6 Nc4 57. Bf7 Rb2+ 58.
Kf3 Ra2 59. Bxc4 bxc4 60. Rc6 Ra3+ 61. Kg2 c3 62. Kg3 Ke4 63. h4 Kd3 64. h5 Ra1 65.
Kg2 c2 66. h6 c1=Q 67. Rd6+ Ke4 0-1

[Event "Late-Titled-Tuesday-Blitz-January-16-2024"]
[Site "Chess.com"]
[Date "2024.01.16"]
[Round "4"]
[White "VladimirKramnik"]
[Black "FrankDux44"]
[Result "1-0"]
[WhiteElo "2910"]
[BlackElo "2612"]
[TimeControl "180+1"]
[EndTime "14:39:20 PST"]
[Termination "VladimirKramnik won by resignation"]

1. e4 c6 2. d4 g6 3. Nf3 d5 4.
exd5 cxd5 5. Ne5 Nf6 6. Bb5+ Nbd7 7. O-O Bg7 8. Re1 O-O 9. Nc3 a6 10. Bf1 e6 11. a4 Nxe5 12. dxe5 Nd7 13. Bf4 b6 14.
Qd2 Bb7 15. Bg3 Rc8 16. Rad1 Qc7 17. Qf4 Nc5 18. f3 Rfd8 19. h4 h5 20. Ne2 Nd7 21. Nd4 Nb8 22. c3 Nc6 23. Qg5 Nxd4 24. Rxd4 Re8 25.
Kh2 Qe7 26. Rb4 Qxg5 27. hxg5 Rc6 28. Bf2 Bf8 29. Rxb6 Rxb6 30. Bxb6 Be7 31. f4 Bc6 32. a5 Bb7 33. b4 Rc8 34. Bd4 Kf8 35. Rb1 Bd8 36.
Ra1 Ra8 37. Bb6 Ke8 38. Bxd8 Kxd8 39. Kg3 Kd7 40. Kf2 Bc6 41. Ke3 Bb5 42. Kd4 Kc6 43. Bd3 Bxd3 44. Kxd3 Kb5 45. g3 Rc8 46. Rh1 Rc4 47. Rf1 Re4 48. Rh1 Rc4 49. Re1 h4 50. gxh4 Rxf4 51. Rh1 d4 52. cxd4 Kxb4 53. Ke3 Rg4 54.
Rb1+ Kxa5 55. Rb7 Rxh4 56. Rxf7 Kb5 57. Rf6 a5 58. Rxe6 a4 59. Re8 a3 60. Ra8 Kb4 61.
Rb8+ Kc3 62. Rc8+ Kb2 63. e6 Rh1 64. Rb8+ Kc2 65. d5 a2 66. Ra8 Kb2 67. Kd4 Rh3 68.
e7 Ra3 69. Rxa3 Kxa3 70. e8=Q a1=Q+ 71. Kc4 Qc1+ 72. Kb5 Qb2+ 73. Kc6 Qc1+ 74. Kd7 Qxg5 75. Qe7+ Qxe7+ 76. Kxe7 g5 77. d6 g4 78. d7 g3 79.
d8=Q g2 80. Qd1 1-0

[Event "Late-Titled-Tuesday-Blitz-January-16-2024"]
[Site "Chess.com"]
[Date "2024.01.16"]
[Round "4"]
[White "APOKALIPSA13"]
[Black "WindWhistler11"]
[Result "1-0"]
[WhiteElo "2165"]
[BlackElo "2430"]
[TimeControl "180+1"]
[EndTime "14:39:39 PST"]
[Termination "APOKALIPSA13 won by resignation"]

1. e4 e6 2. d4 d5 3. exd5 exd5 4.
Bd3 Nc6 5. Ne2 Nge7 6. c3 Bg4 7. f3 Bh5 8. O-O Bg6 9. Nf4 Qd7 10. Qb3 O-O-O 11. Na3 Nf5 12. Qa4 Kb8 13. Bd2 Bd6 14. Bb5 a6 15. Bxc6 Qxc6 16. Qxc6 bxc6 17. Nc2 Kc8 18.
Ne1 Bxf4 19. Bxf4 Nd6 20. b3 Nb5 21. Rc1 Rhe8 22. a4 Nd6 23. Kf2 Re6 24. Nc2 Bxc2 25.
Rxc2 Rde8 26. Be5 f6 27. Bf4 Nf5 28. Rd1 g5 29. Bc1 h5 30. g3 g4 31. Rf1 Nd6 32. Bf4 Nf5 33. Rd1 Kd7 34. Rf1 a5 35. Rd1 Rb8 36. Rb2 Rbe8 37. Rbd2 Ne3 38. Re1 Nf5 39. Rxe6 Rxe6 40. Rc2 Ne7 41. Re2 Rxe2+ 42. Kxe2 Ng6 43. Be3 f5 44. Bg5 Nf8 45. Ke3 Ne6 46. Bh6 Kd6 47. fxg4 hxg4 48. Kd3 Ke7 49. Be3 Kf6 50. c4 Ke7 51.
Bd2 Kd7 52. Bxa5 f4 53. gxf4 Nxf4+ 54. Ke3 Ng2+ 55. Kf2 Nh4 56. Bc3 Nf5 57. a5 Kc8 58. Ke2 Kb7 59. Kf2 Ka6 60. Kg2 Kb7 61. h3 gxh3+ 62. Kxh3 c5 63. dxc5 d4 64. Bd2 Ka6 65. b4 Ne7 66. b5+ Kb7 67. Kg4 Ng6 68. Kf5 Nh4+ 69.
Ke4 c6 70. Kxd4 Nf3+ 71. Kd3 Ne5+ 72. Kc3 Nf3 73. Be3 Ne1 74. Bd4 Nf3 75. Be3 Nh4 76. a6+ Kc7 77. b6+ Kb8 78. Bf4+ 1-0

[Event "Late-Titled-Tuesday-Blitz-January-16-2024"]
[Site "Chess.com"]
[Date "2024.01.16"]
[Round "4"]
[White "The_Sherman_Variation"]
[Black "ShahMatKanal"]
[Result "0-1"]
[WhiteElo "2678"]
[BlackElo "2512"]
[TimeControl "180+1"]
[EndTime "14:39:40 PST"]
[Termination "ShahMatKanal won by checkmate"]

1. b3 d6 2. Bb2 e5 3. Nc3 Nh6 4.
e4 f5 5. d3 Be7 6. Qh5+ Nf7 7.
exf5 O-O 8. Nf3 Nh6 9. g4 Nxf5 10. gxf5 Rxf5 11. Qg4 Rf4 12. Qg3 Rg4 13. Qh3 Rg6 14.
O-O-O Bxh3 15. Bxh3 Nc6 16. Nd5 Kh8 17. Kb1 Rh6 18. Bg4 Qf8 19. Rdf1 Bd8 20. Nd2 Ne7 21.
Nxe7 Bxe7 22. Ne4 Rh4 23. h3 d5 24. Ng3 d4 25. Nf5 g6 26. Nxh4 Bxh4 27. f4 c5 28.
fxe5 Qe7 29. Bc1 Qxe5 30. Bf4 Qg7 31. Bd6 b6 32. Be6 Bf6 33. Rf3 Re8 34. Bc4 Be5 35.
Rf7 Bxd6 36. Rxg7 Kxg7 37. Rf1 Rf8 38. Re1 Rf3 39. Be6 h5 40. Bc8 Rf6 41. a4 g5 42. a5 Kg6 43. a6 Rf7 44. Kb2 Re7 45.
Rf1 Bf4 46. Rf2 Re1 47. Ka3 h4 48. Ka4 Re8 49. Bb7 Re7 50. Kb5 Kf6 51. Be4 Kg7 52.
b4 cxb4 53. Kxb4 Rc7 54. Kb5 Kf6 55. Re2 Rc5+ 56. Kb4 Rc7 57. Bb7 Bd6+ 58. Kb3 Be5 59. Rf2+ Bf4 60. Rf1 Rc3+ 61. Kb2 Rc5 62. Re1 Rb5+ 63.
Ka3 Re5 64. Kb3 Rxe1 65. Be4 Rxe4 66. dxe4 Ke5 67. Kc4 Kxe4 68. Kb5 Ke3 69. Kc6 Kd2 70.
Kb7 Kxc2 71. Kxa7 d3 72. Kb7 d2 73. a7 d1=Q 74. a8=Q Qd5+ 75. Ka7 Qxa8+ 76. Kxa8 b5 77. Kb7 b4 78. Kc6 b3 79. Kd5 b2 80. Ke4 b1=Q 81. Kf5 Qf1 82. Kg4 Qg2+ 83. Kh5 Qxh3 84. Kg6 g4 85.
Kh5 g3 86. Kg6 g2 87. Kh5 Qf3+ 88. Kxh4 Qg3+ 89. Kh5 Qg5# 0-1

[Event "Late-Titled-Tuesday-Blitz-January-16-2024"]
[Site "Chess.com"]
[Date "2024.01.16"]
[Round "4"]
[White "zverr1"]
[Black "JCVanDamme10"]
[Result "0-1"]
[WhiteElo "2495"]
[BlackElo "2333"]
[TimeControl "180+1"]
[EndTime "14:39:49 PST"]
[Termination "JCVanDamme10 won by checkmate"]

1. e4 c5 2. Nf3 e6 3. b3 d6 4. d4 cxd4 5. Nxd4 Nf6 6. Bd3 Be7 7. Bb2 O-O 8. c4 Nbd7 9. O-O Nc5 10. Nc3 Nxd3 11. Qxd3 a6 12. Rfd1 Qc7 13. h3 b6 14.
Rac1 Bb7 15. Qe3 Rac8 16. Nf3 Nd7 17. Na4 Nc5 18. Nxc5 bxc5 19. e5 Bxf3 20. exd6 Bxd6 21. Qxf3 Be5 22. Bxe5 Qxe5 23. Rd7 Rc7 24. Rcd1 Rxd7 25. Rxd7 Qa1+ 26. Kh2 Qxa2 27. Rb7 Qd2 28. g3 Qd4 29. h4 a5 30. Kg2 a4 31. bxa4 Qxc4 32. a5 Qa6 33.
Rc7 Qxa5 34. Qc6 h5 35. Rb7 Qa8 36. Rc7 Qxc6+ 37. Rxc6 g6 38. Rxc5 Kg7 39. Rc6 Rd8 40.
Rc7 Rd4 41. Rb7 Rd3 42. Rc7 Rb3 43. Rd7 e5 44. Re7 Kf6 45. Ra7 Ke6 46. Ra6+ Kf5 47. Ra7 f6 48. Ra5 Rb2 49. Rc5 Ra2 50. Rb5 Ke6 51.
Rb6+ Kf5 52. Rb5 g5 53. hxg5 Kxg5 54. Kf3 h4 55. gxh4+ Kxh4 56. Rb8 Kg5 57. Rb3 Kf5 58. Rc3 Ra4 59. Rb3 Rh4 60. Kg3 Rg4+ 61. Kf3 Rd4 62.
Kg3 Kg5 63. Ra3 f5 64. Rb3 e4 65. Rb8 Rd3+ 66. Kg2 Kf4 67. Rb2 Rc3 68. Ra2 Kg4 69. Ra8 Rc2 70. Ra3 f4 71. Kg1 f3 72. Re3 Kf4 73. Re1 Rd2 74. Ra1 Re2 75. Kf1 Rc2 76.
Kg1 e3 77. fxe3+ Kg3 78. e4 Rg2+ 79. Kf1 Rh2 80. Kg1 f2+ 81. Kf1 Rh1+ 82. Ke2 Rxa1 83. Ke3 Re1+ 84. Kd4 Rxe4+ 85. Kxe4 f1=Q 86. Kd5 Qd3+ 87. Kc6 Qc4+ 88. Kb7 Qb5+ 89. Ka8 Kf4 90. Ka7 Ke5 91. Ka8 Kd6 92. Ka7 Kc7 93. Ka8 Qb7# 0-1

[Event "Late-Titled-Tuesday-Blitz-January-16-2024"]
[Site "Chess.com"]
[Date "2024.01.16"]
[Round "5"]
[White "Kiborg95"]
[Black "bescmelasti"]
[Result "0-1"]
[WhiteElo "2859"]
[BlackElo "2676"]
[TimeControl "180+1"]
[EndTime "14:48:16 PST"]
[Termination "bescmelasti won by resignation"]

1. e4 c5 2. Nc3 e6 3. Nge2 Nc6 4. d4 cxd4 5. Nxd4 Nf6 6. Ndb5 Bc5 7.
Bf4 O-O 8. Bc7 Qe7 9. Bd6 Bxd6 10. Qxd6 Qd8 11. Nc7 Rb8 12. Be2 b5 13. e5 Ne8 14.
Nxe8 Rxe8 15. O-O b4 16. Ne4 Bb7 17. Nc5 Ne7 18. Qxd7 Qxd7 19. Nxd7 Rbc8 20. Rfd1 Nd5 0-1

[Event "Late-Titled-Tuesday-Blitz-January-16-2024"]
[Site "Chess.com"]
[Date "2024.01.16"]
[Round "5"]
[White "Gyulamiryan-koryun"]
[Black "Smile2005"]
[Result "0-1"]
[WhiteElo "1662"]
[BlackElo "2342"]
[TimeControl "180+1"]
[EndTime "14:48:30 PST"]
[Termination "Smile2005 won by checkmate"]

1. e4 c5 2. Nf3 e6 3. c4 Nc6 4. Nc3 Nf6 5. d3 a6 6. a4 Qc7 7. Be2 Be7 8. O-O O-O 9. g3 d6 10. Bf4 e5 11. Be3 Nd4 12. Nd5 Nxd5 13. exd5 Nxe2+ 14. Qxe2 Bg4 15. Kg2 Qd7 16. Rh1 Bh3+ 17.
Kg1 Qg4 18. Re1 f5 19. Nd2 Qxe2 20. Rxe2 f4 21. gxf4 exf4 22. Bxf4 Rxf4 23. Rxe7 Rg4# 0-1

[Event "Late-Titled-Tuesday-Blitz-January-16-2024"]
[Site "Chess.com"]
[Date "2024.01.16"]
[Round "5"]
[White "kai_nov"]
[Black "ThaBarWa"]
[Result "1-0"]
[WhiteElo "2264"]
[BlackElo "2387"]
[TimeControl "180+1"]
[EndTime "14:48:35 PST"]
[Termination "kai_nov won by resignation"]

1. d4 d5 2. c4 e6 3. Nc3 a6 4. Nf3 Nf6 5. Bg5 dxc4 6. e3 b5 7. a4 Bb7 8. axb5 axb5 9. Rxa8 Bxa8 10. Nxb5 Bb4+ 11. Nc3 h6 12. Bxf6 Qxf6 13. Qa4+ Nc6 14.
Qxa8+ Nd8 15. Qa4+ 1-0

[Event "Late-Titled-Tuesday-Blitz-January-16-2024"]
[Site "Chess.com"]
[Date "2024.01.16"]
[Round "5"]
[White "giomar27"]
[Black "EcosseKillie"]
[Result "0-1"]
[WhiteElo "2397"]
[BlackElo "2266"]
[TimeControl "180+1"]
[EndTime "14:49:30 PST"]
[Termination "EcosseKillie won by resignation"]

1. d4 Nc6 2. Bf4 e5 3. dxe5 g5 4. Bg3 Bg7 5. Nc3 h5 6. h3 Nge7 7. e4 Ng6 8. Qd2 Ncxe5 9. O-O-O h4 10. Bh2 d6 11. Be2 g4 12. hxg4 Bh6 13. f4 Nxg4 14.
Nh3 Nxh2 15. Rxh2 Bxh3 16. Rxh3 Bxf4 17. Re3 c6 18. Kb1 Qg5 19. Bc4 Bxe3 20. Qxd6 Rd8 21. Bxf7+ Kxf7 22. Rf1+ 0-1

[Event "Late-Titled-Tuesday-Blitz-January-16-2024"]
[Site "Chess.com"]
[Date "2024.01.16"]
[Round "5"]
[White "Perecke"]
[Black "Hirna2005"]
[Result "1-0"]
[WhiteElo "2552"]
[BlackElo "2264"]
[TimeControl "180+1"]
[EndTime "14:49:42 PST"]
[Termination "Perecke won by resignation"]

1. e4 g6 2. d4 Bg7 3. f4 d6 4.
Nf3 Nf6 5. Nc3 O-O 6. Bd3 a6 7.
e5 Nfd7 8. h4 c5 9. h5 cxd4 10.
hxg6 fxg6 11. Bc4+ Kh8 12. Ng5 h6 13. Qd3 Qe8 14. Bf7 Rxf7 15. Qxg6 Nf8 16. Nxf7+ Qxf7 17. Qxf7 dxc3 18. f5 Nh7 19. Bxh6 1-0

[Event "Late-Titled-Tuesday-Blitz-January-16-2024"]
[Site "Chess.com"]
[Date "2024.01.16"]
[Round "5"]
[White "WPWPWP-2015"]
[Black "A-Fier"]
[Result "1-0"]
[WhiteElo "2544"]
[BlackElo "2740"]
[TimeControl "180+1"]
[EndTime "14:49:53 PST"]
[Termination "WPWPWP-2015 won by resignation"]

1. d4 Nf6 2. g3 c5 3. d5 e6 4. c4 exd5 5. cxd5 d6 6. Bg2 g6 7. Nf3 Bg7 8. O-O O-O 9. Re1 Re8 10. Nc3 Ne4 11. Nxe4 Rxe4 12. Nd2 Rb4 13. Qc2 Nd7 14.
a3 Rb5 15. Nc4 Ne5 16. Nxe5 Bxe5 17. e4 a5 18. Bf1 Rb6 19. Bc4 a4 20. Rb1 h5 21.
Bd2 h4 22. Bc3 h3 23. f4 Bd4+ 24.
Bxd4 cxd4 25. Qd2 Ra5 26. Qxd4 Rc5 27. Rbc1 Bg4 28. Rc2 Rc8 29. e5 dxe5 30. fxe5 Bf5 31.
Rf2 Qc7 32. Ba2 Qc5 33. Qxc5 Rxc5 34. e6 fxe6 35. dxe6 1-0

[Event "Late-Titled-Tuesday-Blitz-January-16-2024"]
[Site "Chess.com"]
[Date "2024.01.16"]
[Round "5"]
[White "LUISMIGUELOV"]
[Black "maximnovik"]
[Result "0-1"]
[WhiteElo "2175"]
[BlackElo "2537"]
[TimeControl "180+1"]
[EndTime "14:49:54 PST"]
[Termination "maximnovik won by resignation"]

1. d4 Nf6 2. c3 g6 3. Bg5 Bg7 4. Nd2 d5 5. e3 O-O 6. Bd3 c5 7. h3 Qb6 8. Qb3 c4 9. Qxb6 axb6 10.
Bc2 b5 11. a3 Nc6 12. Rc1 Bf5 13. Bxf6 Bxf6 14. Ngf3 Bxc2 15. Rxc2 b4 16. axb4 Ra1+ 17. Ke2 Rxh1 18. Nf1 e5 19. dxe5 Nxe5 20. Nxe5 Bxe5 21. Rd2 Rd8 22. f4 Bg7 23. Kf2 f5 24. g3 Rxh3 25. Kg2 Rh5 26. Nh2 Rxh2+ 27. Kxh2 Kf7 28. Kh3 Ke6 29. g4 fxg4+ 30. Kxg4 Bf6 31. e4 h5+ 32. Kf3 dxe4+ 0-1

[Event "Late-Titled-Tuesday-Blitz-January-16-2024"]
[Site "Chess.com"]
[Date "2024.01.16"]
[Round "5"]
[White "Antipov_Mikhail_Al"]
[Black "infinitypoint"]
[Result "1-0"]
[WhiteElo "2911"]
[BlackElo "2591"]
[TimeControl "180+1"]
[EndTime "14:49:56 PST"]
[Termination "Antipov_Mikhail_Al won by resignation"]

1. e4 c6 2. d4 d5 3. exd5 cxd5 4. Bd3 Nc6 5. c3 Nf6 6. h3 g6 7. Nf3 Bg7 8. O-O Bf5 9. Be2 a6 10. Re1 O-O 11. Be3 Qb6 12. Qb3 Qc7 13. Nbd2 h6 14. Rac1 b5 15. a4 Rfb8 16. axb5 axb5 17. Ra1 Rxa1 18.
Rxa1 b4 19. c4 Na5 20. Qa2 Nxc4 21. Nxc4 dxc4 22. Bxc4 e6 23. Ne5 Be4 24. Qa7 Qxa7 25. Rxa7 Rb7 26. Ra8+ Kh7 27. b3 Nd5 28. Rd8 Nxe3 29.
fxe3 Bxe5 30. dxe5 Ra7 31. Rd4 Ra1+ 32. Kh2 Bc6 33. Bd3 Rd1 34. Bxg6+ Kxg6 35. Rxd1 Kf5 36. Rd4 Kxe5 37. Rxb4 Bd5 38. Kg3 f5 39. Rh4 1-0

[Event "Late-Titled-Tuesday-Blitz-January-16-2024"]
[Site "Chess.com"]
[Date "2024.01.16"]
[Round "5"]
[White "karinachess1"]
[Black "JG-17"]
[Result "1-0"]
[WhiteElo "2631"]
[BlackElo "2474"]
[TimeControl "180+1"]
[EndTime "14:49:56 PST"]
[Termination "karinachess1 won by resignation"]

1. d4 d5 2. c4 e6 3. Nc3 c6 4. e4 dxe4 5. Nxe4 Bb4+ 6. Nc3 c5 7. Nf3 Nf6 8. a3 Ba5 9. Be2 O-O 10. O-O Nc6 11.
dxc5 Bxc3 12. bxc3 Ne4 13. Qc2 Nxc5 14. Be3 Qe7 15.
Rfd1 b6 16. Ng5 g6 17. Bf3 Bb7 18. Bxc5 Qxc5 19. Ne4 Qe7 20. Rd7 Qh4 21. Rxb7 Ne5 22.
Qe2 Rad8 23. g3 Qh3 24. Nf6+ Kg7 25. Qxe5 1-0

[Event "Late-Titled-Tuesday-Blitz-January-16-2024"]
[Site "Chess.com"]
[Date "2024.01.16"]
[Round "5"]
[White "iulik86"]
[Black "Langua_Chess"]
[Result "1-0"]
[WhiteElo "2601"]
[BlackElo "2452"]
[TimeControl "180+1"]
[EndTime "14:49:56 PST"]
[Termination "iulik86 won by resignation"]

1. e4 c5 2. Nf3 d6 3. Bb5+ Nd7 4.
a4 a6 5. Bc4 Ngf6 6. Nc3 e6 7.
a5 d5 8. exd5 exd5 9. Nxd5 Nxd5 10. Bxd5 Nf6 11. Bc4 Bg4 12. Bxf7+ Ke7 13. Qe2+ Kd6 14.
O-O Kc7 15. h3 Bf5 16. Qe5+ 1-0

[Event "Late-Titled-Tuesday-Blitz-January-16-2024"]
[Site "Chess.com"]
[Date "2024.01.16"]
[Round "5"]
[White "chessprincesa1"]
[Black "ninguno46"]
[Result "0-1"]
[WhiteElo "2310"]
[BlackElo "2557"]
[TimeControl "180+1"]
[EndTime "14:50:03 PST"]
[Termination "ninguno46 won by resignation"]

1. d4 Nf6 2. c4 e6 3. g3 c5 4. d5 exd5 5. cxd5 d6 6. Nc3 g6 7. Bg2 Bg7 8. Nf3 O-O 9. O-O Na6 10.
Re1 Nc7 11. h3 b5 12. e4 b4 13. Nb1 Bb7 14. Nbd2 Re8 15. Qc2 a5 16. Nc4 Nb5 17.
Bf4 a4 18. Rad1 a3 19. bxa3 Nxa3 20. Nxa3 Rxa3 21. Nd2 Nh5 22. Nc4 Rc3 23. Qe2 Nxf4 24. gxf4 Ba6 0-1

[Event "Late-Titled-Tuesday-Blitz-January-16-2024"]
[Site "Chess.com"]
[Date "2024.01.16"]
[Round "5"]
[White "ccccvhhhj"]
[Black "chegueps"]
[Result "0-1"]
[WhiteElo "2517"]
[BlackElo "2685"]
[TimeControl "180+1"]
[EndTime "14:50:08 PST"]
[Termination "chegueps won by resignation"]

1. e4 Nf6 2. e5 Nd5 3. d4 d6 4.
Bc4 Nb6 5. Bb3 dxe5 6. Qh5 e6 7. dxe5 Nc6 8. Nf3 g6 9. Qg4 h5 10. Qg3 h4 11. Qf4 Bh6 12. Qxh6 Rxh6 13. Bxh6 h3 14. gxh3 Nxe5 15. Nxe5 Qd4 16. Nd3 Qe4+ 17. Be3 Qxh1+ 18. Kd2 Bd7 19. a4 O-O-O 20. a5 Nd5 21. Bxa7 Bb5 22. Bc5 Nf4 23. Nc3 Qxa1 24. Nxb5 Qxa5+ 25. Nc3 0-1

[Event "Late-Titled-Tuesday-Blitz-January-16-2024"]
[Site "Chess.com"]
[Date "2024.01.16"]
[Round "5"]
[White "RCone"]
[Black "Pachonpower"]
[Result "1-0"]
[WhiteElo "2428"]
[BlackElo "2258"]
[TimeControl "180+1"]
[EndTime "14:50:18 PST"]
[Termination "RCone won by checkmate"]

1. e4 e6 2. d4 d5 3. e5 c5 4. c3 Nc6 5. Nf3 Qb6 6. Bd3 Bd7 7. O-O cxd4 8. Re1 a5 9. Nbd2 Nge7 10. Nb3 dxc3 11. bxc3 a4 12. Be3 Qc7 13. Nc5 Nxe5 14. Nxe5 Qxe5 15. Nxd7 Kxd7 16. Bb5+ Kc8 17. Bd4 Qg5 18.
c4 dxc4 19. Rc1 Nc6 20. Bxc6 bxc6 21. Rxc4 Qb5 22. Qc2 Ra6 23. Rb1 Qd5 24. Qb2 Qxc4 25. Qb8+ Kd7 26. Rb7# 1-0

[Event "Late-Titled-Tuesday-Blitz-January-16-2024"]
[Site "Chess.com"]
[Date "2024.01.16"]
[Round "5"]
[White "MasterofMasters2006"]
[Black "Bkmzzzzz"]
[Result "1/2-1/2"]
[WhiteElo "2252"]
[BlackElo "2388"]
[TimeControl "180+1"]
[EndTime "14:50:22 PST"]
[Termination "Game drawn by repetition"]

1. d4 d5 2. c4 dxc4 3. e3 Nf6 4.
Bxc4 e6 5. Nf3 c5 6. O-O a6 7. Nbd2 b5 8. Be2 Nbd7 9. b3 Be7 10. Bb2 O-O 11. Rc1 Bb7 12. dxc5 Nxc5 13. Bxf6 gxf6 14. Nd4 f5 15. Bf3 Rc8 16. Bxb7 Nxb7 17. Qf3 Qd7 18.
Qg3+ Kh8 19. Qe5+ Kg8 20. Qg3+ Kh8 21. Qe5+ Kg8 22. Qg3+ 1/2-1/2

[Event "Late-Titled-Tuesday-Blitz-January-16-2024"]
[Site "Chess.com"]
[Date "2024.01.16"]
[Round "5"]
[White "frederiksvane"]
[Black "enestnrvrd"]
[Result "1-0"]
[WhiteElo "2903"]
[BlackElo "2677"]
[TimeControl "180+1"]
[EndTime "14:50:35 PST"]
[Termination "frederiksvane won by resignation"]

1. e4 c5 2. Nc3 d6 3. d4 cxd4 4. Qxd4 a6 5. Nge2 Nf6 6. b3 e6 7. Bb2 Be7 8. O-O-O O-O 9. g4 e5 10. Qe3 Bxg4 11. Rg1 Nbd7 12. Bh3 Bxh3 13. Qxh3 Kh8 14. Ng3 g6 15. Kb1 Rc8 16. Qh6 Ng4 17. Qd2 Ngf6 18. f4 b5 19. h4 b4 20. Nd5 Nxd5 21. exd5 Bf6 22. Ne4 Bg7 23. Nxd6 Rc7 24. Qxb4 Nc5 25. fxe5 1-0

[Event "Late-Titled-Tuesday-Blitz-January-16-2024"]
[Site "Chess.com"]
[Date "2024.01.16"]
[Round "5"]
[White "Championnn-9"]
[Black "sergoy"]
[Result "0-1"]
[WhiteElo "2532"]
[BlackElo "2996"]
[TimeControl "180+1"]
[EndTime "14:50:50 PST"]
[Termination "sergoy won on time"]

1. Nf3 d6 2. d4 Nf6 3. g3 g6 4. Bg2 Bg7 5. O-O O-O 6. c4 Nc6 7.
Nc3 a6 8. Re1 Rb8 9. e4 b5 10.
cxb5 axb5 11. a3 Bg4 12. Be3 e5 13. d5 Na5 14. h3 Bxf3 15. Bxf3 Nc4 16. Bc1 Nd7 17. b3 Na5 18. Bb2 f5 19. a4 b4 20.
Nb5 Nc5 21. exf5 gxf5 22. Re3 f4 23. gxf4 Rxf4 24. Kh2 Qe7 25. Nd4 Rbf8 26. Nc6 Nxc6 27. dxc6 Kh8 28. Qd5 Qf6 29. Kg2 Ne6 30. a5 Ng5 31. a6 Nxf3 32. a7 Nh4+ 33. Kg1 Rxf2 34. a8=Q Rf1+ 0-1

[Event "Late-Titled-Tuesday-Blitz-January-16-2024"]
[Site "Chess.com"]
[Date "2024.01.16"]
[Round "5"]
[White "StellarChess"]
[Black "SHIVACalypso"]
[Result "1-0"]
[WhiteElo "2587"]
[BlackElo "2435"]
[TimeControl "180+1"]
[EndTime "14:50:54 PST"]
[Termination "StellarChess won by resignation"]

1. d4 Nf6 2. Bg5 Ne4 3. Bf4 c5 4. f3 Nf6 5. dxc5 Qa5+ 6. Qd2 Qxc5 7. Nc3 a6 8. O-O-O e6 9. g4 d5 10. e4 Bd6 11. e5 d4 12. Qxd4 Qxd4 13. Rxd4 Bc5 14.
Rd1 Nfd7 15. Ne4 Be7 16. Nd6+ Bxd6 17. exd6 Nc6 18. Ne2 O-O 19. Nc3 e5 20. Bg3 Nc5 21.
Nd5 Be6 22. Nc7 Rad8 23. Bf2 Nd4 24. c3 Nxf3 25. Bxc5 Bxg4 26. d7 1-0

[Event "Late-Titled-Tuesday-Blitz-January-16-2024"]
[Site "Chess.com"]
[Date "2024.01.16"]
[Round "5"]
[White "Zkid"]
[Black "Ekko_li"]
[Result "1-0"]
[WhiteElo "2928"]
[BlackElo "2702"]
[TimeControl "180+1"]
[EndTime "14:50:56 PST"]
[Termination "Zkid won by resignation"]

1. e4 c6 2. d4 d5 3. e5 Bf5 4.
c4 e6 5. Nc3 Bb4 6. cxd5 cxd5 7. Bd3 Ne7 8. Bxf5 Nxf5 9. Nf3 O-O 10. Qd3 Qb6 11. g4 Ne7 12. h4 Qa6 13. Qc2 Rc8 14. Ng5 g6 15. h5 Bxc3+ 16. bxc3 Qc4 17. Nxh7 Qxc3+ 18. Qxc3 Rxc3 19. Nf6+ Kg7 20. hxg6 Nxg6 21. Bh6+ 1-0

[Event "Late-Titled-Tuesday-Blitz-January-16-2024"]
[Site "Chess.com"]
[Date "2024.01.16"]
[Round "5"]
[White "Jbd735"]
[Black "Javylavilla"]
[Result "0-1"]
[WhiteElo "2505"]
[BlackElo "2363"]
[TimeControl "180+1"]
[EndTime "14:51:00 PST"]
[Termination "Javylavilla won by checkmate"]

1. e4 c5 2. Nf3 d6 3. Bb5+ Bd7 4.
Bxd7+ Qxd7 5. O-O Nc6 6. c3 e5 7.
d4 cxd4 8. cxd4 Nf6 9. Nc3 Be7 10. Bg5 O-O 11. dxe5 dxe5 12. Qxd7 Nxd7 13. Bxe7 Nxe7 14.
Rfd1 Rfd8 15. Rd2 Nc6 16. Rad1 Nc5 17. Rxd8+ Rxd8 18. Rxd8+ Nxd8 19. Nxe5 f6 20. Nc4 Kf7 21. Kf1 Ke6 22. Ke2 a6 23. Ke3 Nc6 24. f4 b5 25.
f5+ Kd7 26. Nb6+ Kd6 27. Nbd5 Ne5 28. Kd4 Ncd3 29. b4 Ne1 30. Ne3 Nc6# 0-1

[Event "Late-Titled-Tuesday-Blitz-January-16-2024"]
[Site "Chess.com"]
[Date "2024.01.16"]
[Round "5"]
[White "only_strong_moves"]
[Black "GothamChess"]
[Result "0-1"]
[WhiteElo "2553"]
[BlackElo "2752"]
[TimeControl "180+1"]
[EndTime "14:51:07 PST"]
[Termination "GothamChess won by resignation"]

1. d4 d5 2. Nc3 e6 3. Bf4 Bd6 4.
e3 a6 5. Nf3 Nd7 6. Be2 f5 7. O-O Ngf6 8. Ne5 O-O 9. a3 Qe7 10.
Bg3 c5 11. Nxd7 Nxd7 12. Bxd6 Qxd6 13. f4 b5 14. dxc5 Nxc5 15. Qd4 Bb7 16. Rad1 Rac8 17. Rd2 Qe7 18. Qe5 Nd7 19. Qd4 Rc7 20. Bf3 Rfc8 21.
Kh1 Qf6 22. Qd3 Nc5 23. Qd4 Nd7 24. Qd3 h6 25. g4 fxg4 26. Bg2 h5 27. f5 Ne5 28.
Qd4 Rc4 29. fxe6 Rxd4 30. Rxf6 Rxd2 31. Rf5 Nf3 32. Bxf3 gxf3 33. Rxf3 d4 0-1

[Event "Late-Titled-Tuesday-Blitz-January-16-2024"]
[Site "Chess.com"]
[Date "2024.01.16"]
[Round "5"]
[White "dorpato"]
[Black "SmirnovTimofey2000"]
[Result "1-0"]
[WhiteElo "2139"]
[BlackElo "1975"]
[TimeControl "180+1"]
[EndTime "14:51:07 PST"]
[Termination "dorpato won by checkmate"]

1. e4 e5 2. d4 exd4 3. Nf3 Nc6 4. c3 dxc3 5. Nxc3 Bb4 6. Bc4 Nge7 7. Qb3 Bxc3+ 8.
bxc3 O-O 9. Ng5 Ne5 10. Be2 h6 11. Nf3 Nxf3+ 12. gxf3 d5 13. Rg1 Kh8 14. Bd2 dxe4 15. fxe4 b6 16. O-O-O Be6 17. Qb2 Qe8 18. c4 c5 19. Qxg7# 1-0